 Dungeon Crawl Stone Soup version 0.29.1-15-g9cfb28693d (webtiles) character file.

Game seed: 4015119875001735645

125 GloriousHammer the Gusty (level 5, -1/31 HPs)
             Began as an Octopode Air Elementalist on Apr 1, 2023.
             Killed by their own static electricity (3 damage)
             ... on level 3 of the Dungeon.
             The game lasted 00:06:02 (2416 turns).

GloriousHammer the Gusty (OpAE)                     Turns: 2416, Time: 00:06:03

Health: -1/31      AC:  1    Str:  7    XL:     5   Next: 9%
Magic:  5/10       EV: 13    Int: 19    God:
Gold:   92         SH:  0    Dex: 13    Spells: 4/10 levels left

rFire   . . .      SeeInvis .   n - +0 falchion
rCold   + . .      Faith    .   (no shield)
rNeg    . . .      Spirit   .   (helmet restricted)
rPois   .          Reflect  .   (no amulet)
rElec   .          Harm     .   C - ring of protection from cold
rCorr   .          Rampage  .   (no ring)
Will    .....                   (no ring)
Stlth   +++.......              (no ring)
HPRegen 0.10/turn               (no ring)
MPRegen 0.12/turn               (no ring)
                                (no ring)
                                (no ring)

@: no status effects
A: almost no armour, amphibious, 8 rings, camouflage 1, gelatinous body 1,
(nimble swimmer 1), tentacles
a: no special abilities


You were on level 3 of the Dungeon.
You visited 1 branch of the dungeon, and saw 3 of its levels.

You collected 92 gold pieces.

Inventory:

Hand Weapons
 n - a +0 falchion (weapon)
Jewellery
 C - a ring of protection from cold (left tentacle)
Scrolls
 b - a scroll of enchant weapon {unknown}
 c - a scroll of fear {unknown}
 d - a scroll of silence {unknown}
 f - a scroll of butterflies {unknown}
 g - 2 scrolls of poison {unknown}
 h - 2 scrolls of teleportation {unknown}
 i - a scroll of immolation {unknown}
 m - a scroll of identify {unknown}
Potions
 a - a potion of magic
 e - a potion of brilliance {unknown}
 j - a potion of attraction {unknown}
 k - 2 potions of heal wounds {unknown}
 l - a potion of flight {unknown}
 o - a potion of lignification {unknown}


   Skills:
 - Level 2.0 Dodging
 - Level 2.6 Stealth
 + Level 3.4 Spellcasting
 - Level 2.0 Conjurations
 + Level 4.2 Air Magic


You had 4 spell levels left.
You knew the following spells:

 Your Spells              Type           Power      Damage    Failure   Level
a - Shock                 Conj/Air       60%        1d6       4%          1
b - Static Discharge      Conj/Air       15%        3-5/arc   6%          2
c - Swiftness             Air            19%        N/A       8%          3

Your spell library contained the following spells:

 Spells                   Type           Power      Damage    Failure   Level
 Sandblast                Erth           6%         2d5       14%         1
 Passwall                 Tmut/Erth      2%         N/A       22%         2
 Airstrike                Air            9%         2d(2-18)  26%         4
 Stone Arrow              Conj/Erth      14%        3d7       28%         3


Dungeon Overview and Level Annotations

Branches:
Dungeon (3/15)

Altars:

Portals:
Sewer: D:3


Innate Abilities, Weirdness & Mutations

You cannot wear most types of armour.
You are amphibious.
You can wear up to eight rings at the same time.
Your skin changes colour to match your surroundings (Stealth+).
Your rubbery body absorbs attacks. (AC +1, EV +1)
((You are camouflaged when in or above water. (Stealth+)))
You have tentacles for arms and can constrict up to eight enemies at once.


Message History

Magic restored.
You start resting.
You hear the brisk rusting of a drain.
Found a rat corpse.
Found a glowing drain.
You see here a ball python corpse.
The ball python hisses angrily.
Casting: Shock (safe; 4% risk of failure)
Confirm with . or Enter, or press ? or * to list all spells.
The ball python is struck by an arc of lightning.
You kill the ball python!
The river rat is struck by an arc of lightning!
The river rat is almost dead.
The rat is struck by an arc of lightning.
You kill the rat!
The lightning grounds out.
Casting: Static Discharge (safe; 6% risk of failure)
Confirm with . or Enter, or press ? or * to list all spells.
Aiming: Shock (safe; 4% risk of failure)
Press: ? - help, Shift-Dir - straight line, f - giant cockroach
Aim: a giant cockroach (71% to hit)
The zap hits the river rat.
The river rat is almost dead.
The zap hits the giant cockroach but does no damage.
The river rat bites you.
* * * LOW HITPOINT WARNING * * *
Casting: Shock (safe; 4% risk of failure)
Confirm with . or Enter, or press ? or * to list all spells.
The river rat is struck by an arc of lightning!
You kill the river rat!
You are struck by an arc of lightning.
* * * LOW HITPOINT WARNING * * *
The giant cockroach is struck by an arc of lightning.
The giant cockroach is severely wounded.
You are struck by an arc of lightning.
* * * LOW HITPOINT WARNING * * *
The lightning grounds out.
The giant cockroach is struck by an arc of lightning!
You kill the giant cockroach!
You are struck by an arc of lightning.
You die...

#...#
###.######
#..........
#.#########
#.# #.# #.#
#########.#
#.†..@†...#
#~~~†.#.###
#~~~~.#†#
#~~~†~..#
#∩~~~~.##
########


There were no monsters in sight!

Vanquished Creatures
  Terence (D:2)
  Robin (D:2)
  2 adders (D:3)
  2 river rats (D:3)
  2 dart slugs
  A worm (D:3)
  An orc (D:3)
  7 ball pythons
  An endoplasm (D:1)
  6 giant cockroaches
  6 hobgoblins
  3 jackals (D:2)
  5 kobolds
  6 bats
  3 frilled lizards (D:1)
  5 goblins
  6 rats
58 creatures vanquished.

Notes
Turn   | Place    | Note
-------+----------+-------------------------------------------
     0 | D:1      | GloriousHammer the Octopode Air Elementalist began the
                  | quest for the Orb.
     0 | D:1      | Reached XP level 1. HP: 11/11 MP: 3/3
   314 | D:1      | Reached XP level 2. HP: 16/17 MP: 1/5
   956 | D:1      | Found a faded altar of an unknown god.
  1067 | D:1      | Reached XP level 3. HP: 21/21 MP: 0/6
  1347 | D:1      | Learned a level 2 spell: Static Discharge
  1351 | D:1      | Learned a level 3 spell: Swiftness
  1520 | D:2      | Noticed Terence
  1535 | D:2      | Killed Terence
  1736 | D:2      | Reached XP level 4. HP: 26/27 MP: 8/8
  1842 | D:2      | Noticed Robin
  1848 | D:2      | Killed Robin
  2110 | D:2      | You fall into a shaft and drop 1 floor!
  2143 | D:3      | Reached skill level 4 in Air Magic
  2365 | D:3      | Reached XP level 5. HP: 4/31 MP: 6/10
  2412 | D:3      | Found a glowing drain.
  2416 | D:3      | Killed from afar by themself

Illustrated notes

Levels and vault maps discovered:
D:1:      dpeg_arrival_rhombus, layout_basic, shapermc_ecumenical_altar_ellora
D:2:      layout_loops_ring, uniq_terence, uniq_robin
D:3:      layout_rooms, portal_sewer_entry_b, minmay_misc_feat_pillars,
          minmay_tree_intersection, dk_noncrumbling_3, hangedman_decor_lopped,
          minmay_pentangle

Skill      XL: |  1  2  3  4 |
---------------+-------------+-----
Conjurations   | 2 |  2.0
Spellcasting   | 3 |  3.4
Air Magic      | 4 |  4.2
Dodging        | |  2.0
Stealth        | |  2.6

Action                   |  1- 3 |  4- 6 || total
-------------------------+-------+-------++-------
Melee: Short sword       |    23 |       ||    23
       Unarmed           |     3 |       ||     3
       Constrict         |     5 |     3 ||     8
       Tentacles         |     8 |     2 ||    10
       Falchion          |     2 |    14 ||    16
 Cast: Shock             |    53 |    44 ||    97
       Static Discharge  |       |     3 ||     3
 Stab: Sleeping          |     1 |     1 ||     2
Armor: Skin              |     6 |     2 ||     8
Dodge: Dodged            |    35 |    14 ||    49
